 Dungeon Crawl Stone Soup version 0.27.0-1-g7a089689b8 (webtiles) character file.

Game seed: 2031182004763498457

3014 sanka the Nimble (level 10, -2/76 HPs)
             Began as a Djinni Wanderer on Aug 2, 2021.
             Was a Follower of Makhleb.
             Slain by Harold (10 damage)
             ... on level 8 of the Dungeon.
             The game lasted 00:19:11 (10583 turns).

sanka the Nimble (Djinni Wanderer)                 Turns: 10583, Time: 00:19:12

Health: -2/76      AC: 10    Str: 11    XL:     10   Next: 10%
Gold:   556        EV: 17    Int: 27    God:    Makhleb [*.....] SH:  0 Dex: 13

rFire    + + .     SeeInvis .   a - +1 whip (elec)
rCold    x . .     Faith    .   (no shield)
rNeg     . . .     Spirit   .   c - +0 robe
rPois    ∞         Reflect  .   p - +2 helmet
rElec    .         Harm     .   l - +1 cloak {rPois}
rCorr    .         Rampage  .   i - +2 pair of gloves of Aculej {Str+2 Int+8}
Will     +++..                  (boots unavailable)
Stlth    ++........             (no amulet)
HPRegen  0.22/turn              I - ring of willpower
MPRegen  0.00/turn              y - ring of willpower

@: marked, freezing walls, flying
A: sickness immunity, fire resistance 2, cold vulnerability 1, float, innate
caster, hp casting, extra vitality 1
a: Renounce Religion


You were on level 8 of the Dungeon.
You worshipped Makhleb.
Makhleb was aware of your devotion.
You visited 2 branches of the dungeon, and saw 9 of its levels.

You collected 556 gold pieces.


Innate Abilities, Weirdness & Mutations

You are immune to sickness and miasma.
You are immune to poison.
Your flesh is very heat resistant. (rF++)
You are vulnerable to cold. (rC-)
You float through the air rather than walking.
You learn spells naturally, not from books.
Your magical power is your life essence.
You have superior vitality. (+4 HP)


   Skills:
 + Level 8.1 Fighting
 + Level 10.9 Dodging
 - Level 1.0 Stealth
 - Level 7.0 Spellcasting
 - Level 1.0 Evocations


You had 2 spell levels left.
You knew the following spells:

 Your Spells              Type           Power      Damage    Failure   Level
b - Blink                 Tloc           N/A        N/A       1%          2
c - Slow                  Hex            47%        N/A       1%          2
i - Frozen Ramparts       Ice            94%        1d11      1%          3
u - Corpse Rot            Necr/Air       N/A        N/A       1%          2
x - Call Imp              Summ           47%        N/A       1%          2
y - Corona                Hex            52%        N/A       1%          1
z - Magic Dart            Conj           100%       1d8       1%          1
C - Mephitic Cloud        Conj/Pois/Air  47%        N/A       1%          3
N - Passwall              Tmut/Erth      39%        N/A       1%          2
Z - Conjure Flame         Conj/Fire      47%        6-21      1%          3

Your spell library contained the following spells:

 Spells                   Type           Power      Damage    Failure   Level


Inventory:

Hand Weapons
 a - a +1 whip of electrocution (weapon)
 b - a +0 battleaxe
 J - a +2 dagger of venom
Missiles
 z - a curare-tipped dart {=f}
Armour
 c - a +0 robe (worn)
 i - the +2 pair of gloves of Aculej (worn) {Str+2 Int+8}

   Str:       It affects your strength (+2).
   Int:       It affects your intelligence (+8).
 l - a +1 cloak of poison resistance (worn)
 p - a +2 helmet (worn)
 v - a scarf of invisibility
Jewellery
 e - a ring of protection from fire
 k - a ring of fire
 y - a ring of willpower (right hand)
 H - a ring of wizardry
 I - a ring of willpower (left hand)
Wands
 s - a wand of mindburst (11)
 A - a wand of polymorph (3)
 G - a wand of charming (9)
Scrolls
 h - 2 scrolls of amnesia
 n - 2 scrolls of identify {@r1}
 o - a scroll of fear {unknown}
 q - a scroll of magic mapping {unknown}
 u - a scroll of immolation {unknown}
 x - a scroll of enchant armour {unknown}
 B - 2 scrolls of noise {unknown}
 E - 2 scrolls of fog {unknown}
 F - 2 scrolls of vulnerability {unknown}
 K - a scroll of teleportation {@r4}
Potions
 d - a potion of curing {@q1}
 f - 2 potions of heal wounds {unknown}
 g - 2 potions of degeneration {unknown}
 j - a potion of berserk rage {unknown}
 m - a potion of invisibility {unknown}
 r - a potion of flight {unknown}
 t - 2 potions of lignification {!q}
 w - a potion of might
 C - 3 potions of haste {@q3}
 D - 3 potions of attraction {unknown}

Dungeon Overview and Level Annotations

Branches:
Dungeon (8/15)             Temple (1/1) D:5
   Lair: D:8-11

Altars:
Ashenzari
Cheibriados
Dithmenos
Elyvilon
Fedhas
Gozag
Hepliaklqana
Kikubaaqudgha
Makhleb
Nemelex Xobeh
Okawaru
Qazlal
Ru
Sif Muna
Trog
Uskayaw
Vehumet
Wu Jian
Xom
Yredelemnul
Zin
The Shining One

Shops:
D:1 *

Annotations:
D:5 2 runed translucent doors, foogus's ghost, amateur GrBe
D:8 Harold

▒▒▒..▒ ▒▒
........▒.▒
...▒.▒.▒.▒ ...
▒.▒.▒ ▒.▒ ▒.▒.▒
▒.▒ ▒.▒.▒ ▒.▒
▒.▒.▒
▒.▒▒▒.▒.▒▒▒
▒5@R5.....▒
▒.▒▒▒▒▒▒.▒5▒▒▒
..▒ ▒.▒ ▒.▒..▒
..) ▒.▒▒▒
▒.▒..▒ ▒.▒
▒.▒.▒ ▒.▒..▒
▒+▒▒ ▒.▒ ▒<▒[▒
▒.▒..▒ ...▒ ▒.▒
▒.▒.▒ ▒.▒..▒
..:▒ ▒.▒ ▒.▒.▒
▒.▒..▒
...▒▒▒▒.▒▒▒.▒>▒
▒.▒..▒


You could see Harold (ally target) and 3 friendly crimson imps.


Message History

Your crimson imp barely misses Harold.
The wall freezes Harold.
Harold hits you with a +0 short sword.
* * * LOW HITPOINT WARNING * * *
Your crimson imp hits Harold but does no damage.
The wall freezes Harold.
Harold hits you with a +0 short sword!
* * * LOW HITPOINT WARNING * * *
Unknown command.
Your crimson imp barely misses Harold.
The wall freezes Harold.
Harold hits you with a +0 short sword.
* * * LOW HITPOINT WARNING * * *
Unknown command.
Unknown command.
You hit Harold but do no damage.
Harold is almost dead.
The frozen ramparts melt away.
Your crimson imp hits Harold.
Harold hits you with a +0 short sword!
* * * LOW HITPOINT WARNING * * *
Unknown command.
Your crimson imp hits Harold but does no damage.
Harold closely misses you.
The walls around you are covered in ice.
* * * LOW HITPOINT WARNING * * *
Your crimson imp hits Harold but does no damage.
The wall freezes Harold.
Harold hits you with a +0 short sword!
You die...

Action                   |  1- 3 |  4- 6 |  7- 9 | 10-12 || total
-------------------------+-------+-------+-------+-------++-------
Melee: Mace              |    27 |       |       |       ||    27
       Dagger            |       |    18 |   131 |       ||   149
       Battleaxe         |       |       |    31 |    11 ||    42
       Whip              |       |       |       |     9 ||     9
 Cast: Magic Dart        |    54 |   102 |   155 |     9 ||   320
       Call Imp          |       |     7 |    20 |     3 ||    30
       Conjure Flame     |       |       |     8 |     2 ||    10
       Frozen Ramparts   |       |       |     8 |     7 ||    15
  Use: Scroll            |       |       |     7 |       ||     7
       Potion            |       |       |       |     3 ||     3
Armor: Robe              |     7 |    13 |    65 |    11 ||    96
Dodge: Dodged            |    17 |    34 |   202 |    30 ||   283

Levels and vault maps discovered:
D:1:      onia_arrival_handbag, layout_basic, serial_shops, shop,
          hangedman_decor_points
D:2:      layout_rooms, chequers_ecumenical_altar_simple
D:3:      layout_rooms, uniq_robin
D:4:      layout_basic, uniq_eustachio
D:5:      layout_loops_corners, minmay_temple_entry_stoned_glass,
          ebering_ghost_sewer_f
D:6:      layout_loops_ring, lemuel_coloured_pillars_altar, serial_bayou,
          serial_bayou_pond_d, serial_bayou_pond_a, serial_bayou_shore_b,
          serial_bayou_crossing
D:7:      layout_gridville, uniq_pikel, uniq_duvessa, uniq_menkaure
D:8:      layout_basic, chequers_serial_rivers_small_b, uniq_maurice,
          uniq_harold
Temple:   nicolae_temple_the_god_donut

Notes
Turn   | Place    | Note
-------+----------+-------------------------------------------
     0 | D:1      | sanka the Djinni Wanderer began the quest for the Orb.
     0 | D:1      | Reached XP level 1. HP: 15/15 MP: 0/0
   369 | D:1      | Reached XP level 2. HP: 18/21 MP: 0/0
   523 | D:1      | Reached XP level 3. HP: 5/25 MP: 0/0
   523 | D:1      | Learned a level 1 spell: Corona
   825 | D:1      | Found Anaulata's General Store.
   828 | D:1      | Reached skill level 7 in Spellcasting
  1166 | D:1      | Reached skill level 1 in Fighting
  1852 | D:2      | Reached XP level 4. HP: 27/33 MP: 0/0
  1978 | D:2      | Reached skill level 2 in Fighting
  2090 | D:2      | Found a faded altar of an unknown god.
  2509 | D:3      | Noticed Robin
  2511 | D:3      | Reached skill level 3 in Fighting
  2515 | D:3      | Killed Robin
  2516 | D:3      | Reached XP level 5. HP: 25/40 MP: 0/0
  2516 | D:3      | Learned a level 2 spell: Passwall
  2810 | D:3      | Reached skill level 4 in Fighting
  3507 | D:4      | Reached skill level 1 in Dodging
  3574 | D:4      | Noticed Eustachio
  3598 | D:4      | Reached skill level 2 in Dodging
  3598 | D:4      | Reached XP level 6. HP: 18/47 MP: 0/0
  3611 | D:4      | Killed Eustachio
  3612 | D:4      | Reached skill level 3 in Dodging
  4030 | D:4      | Reached skill level 4 in Dodging
  4030 | D:4      | Reached XP level 7. HP: 32/52 MP: 0/0
  4030 | D:4      | Learned a level 2 spell: Corpse Rot
  4248 | D:4      | Reached skill level 5 in Dodging
  5026 | D:5      | Entered Level 5 of the Dungeon
  5035 | D:4      | Reached skill level 6 in Dodging
  5727 | D:5      | Reached skill level 7 in Dodging
  5727 | D:5      | Reached XP level 8. HP: 56/58 MP: 0/0
  5923 | D:5      | Found a runed translucent door.
  5925 | D:5      | Noticed foogus's ghost (amateur GrBe)
  5987 | D:5      | Found a staircase to the Ecumenical Temple.
  5996 | Temple   | Entered the Ecumenical Temple
  6654 | Temple   | Became a worshipper of Makhleb the Destroyer
  6907 | D:5      | Found a runed translucent door.
  7050 | D:5      | Reached skill level 8 in Dodging
  7522 | D:6      | Identified 2 scrolls of acquirement
  7794 | D:6      | Acquired a +2 pair of gloves of stealth
  7801 | D:6      | Acquired the +2 pair of gloves of Aculej {Str+2 Int+8}
  8341 | D:6      | Reached skill level 5 in Fighting
  8769 | D:6      | Reached skill level 9 in Dodging
  8775 | D:6      | Reached XP level 9. HP: 42/65 MP: 0/0
  8775 | D:6      | Learned a level 3 spell: Frozen Ramparts
  9024 | D:6      | Reached skill level 6 in Fighting
  9511 | D:6      | Found a snail-covered altar of Cheibriados.
  9658 | D:7      | Noticed Pikel
  9658 | D:7      | Noticed Menkaure
  9664 | D:7      | Killed Pikel
  9665 | D:7      | Reached skill level 7 in Fighting
  9665 | D:7      | Reached skill level 10 in Dodging
  9666 | D:7      | Killed Menkaure
  9682 | D:7      | Reached * piety under Makhleb
 10078 | D:7      | Noticed Duvessa
 10085 | D:7      | Noticed Dowan
 10103 | D:7      | Killed Dowan
 10104 | D:7      | Killed Duvessa
 10105 | D:7      | Reached XP level 10. HP: 68/76 MP: 0/0
 10343 | D:8      | Reached skill level 8 in Fighting
 10556 | D:8      | Noticed Harold
 10581 | D:8      | HP: 1/76 [Harold (10)]
 10583 | D:8      | Slain by Harold

Vanquished Creatures
  Pikel (D:7)
  Menkaure (D:7)
  Duvessa (D:7)
  A black bear (D:6)
  An orc warrior (D:7)
  A sky beast (D:7)
  An ogre (D:6)
  A centaur (D:5)
  A phantom (D:6)
  A kobold brigand (D:4)
  2 bullfrogs
  A wyvern zombie (D:6)
  4 scorpions
  Dowan (D:7)
  9 killer bees
  2 electric eels (D:6)
  3 hounds
  An orc priest (D:7)
  A jelly (D:4)
  2 bullfrog skeletons (D:6)
  A centaur skeleton (D:7)
  7 orc wizards
  3 iguanas
  A killer bee zombie (D:7)
  A hound skeleton (D:5)
  A howler monkey zombie (D:7)
  Robin (D:3)
  6 adders
  A shadow imp (D:7)
  An ufetubus (D:6)
  An adder zombie (D:5)
  An adder skeleton (D:5)
  A worm (D:2)
  A dart slug (D:4)
  10 orcs
  13 endoplasms
  2 giant cockroaches (D:3)
  18 goblins
  14 hobgoblins
  14 jackals
  3 quokkas
  8 ball pythons
  8 bats
  3 frilled lizards
  3 kobolds
  4 rats
163 creatures vanquished.

Vanquished Creatures (collateral kills)
  Eustachio (D:4)
  A jelly (D:4)
  An iguana (D:4)
  An orc wizard (D:3)
  A scorpion zombie (D:5)
  8 orcs
13 creatures vanquished.

Vanquished Creatures (others)
  28 plants (D:6)
28 creatures vanquished.

Grand Total: 204 creatures vanquished
